 Dungeon Crawl Stone Soup version 0.32-a0-871-ge202e49faa (webtiles) character file.

Game seed: 1984514596291515385

1169 Griffin23 the Slasher (level 8, -3/70 HPs)
             Began as a Minotaur Fighter on Mar 29, 2024.
             Was an Initiate of Nemelex Xobeh.
             Killed by divine providence
             ... invoked by Jeremiah
              (12 damage)
             ... on level 6 of the Dungeon.
             The game lasted 00:08:02 (5045 turns).

Griffin23 the Slasher (Minotaur Fighter)            Turns: 5045, Time: 00:08:02

Health: -3/70      AC:  7    Str: 23    XL:     8   Next: 17%
Magic:  7/7        EV:  8    Int:  5    God:    Nemelex Xobeh [......]
Gold:   255        SH:  5    Dex: 10    Spells: 7/7 levels left

rFire   + . .        a - +0 long sword
rCold   + . .        c - +0 buckler
rNeg    . . .        b - +0 scale mail
rPois   .            (helmet restricted)
rElec   .            A - scarf {rC+ rF+}
rCorr   .            (no gloves)
SInv    .            (no boots)
Will    .....        (no amulet) Stlth
                     (no ring)
HPRegen 0.31/turn    (no ring)
MPRegen 0.10/turn

%: no passive effects
@: no status effects
A: horns 2, retaliatory headbutt
a: Renounce Religion, Draw Escape, Draw Destruction, Draw Summoning


You were on level 6 of the Dungeon.
You worshipped Nemelex Xobeh.
Nemelex Xobeh was noncommittal.
You visited 2 branches of the dungeon, and saw 7 of its levels.

You collected 255 gold pieces.

Inventory:

Hand Weapons
 a - a +0 long sword (weapon)
Missiles
 f - 3 boomerangs (quivered)
Armour
 b - a +0 scale mail (worn)
 c - a +0 buckler (worn)
 A - a scarf of resistance (worn)
Jewellery
 n - a ring of fire
 x - a ring of ice
 y - a ring of wizardry
Wands
 q - a wand of warping (8)
 t - a wand of flame (25)
 u - a wand of mindburst (14)
Scrolls
 e - a scroll of fog {unknown}
 h - a scroll of summoning {unknown}
 i - a scroll of noise {unknown}
 j - 5 scrolls of identify {unknown}
 k - 2 scrolls of fear {unknown}
 m - a scroll of vulnerability {unknown}
 p - 4 scrolls of immolation {unknown}
 r - a scroll of blinking {unknown}
 s - a scroll of enchant weapon {unknown}
 B - a scroll of enchant armour {unknown}
Potions
 d - a potion of might
 g - 4 potions of curing {unknown}
 l - 2 potions of attraction {unknown}
 o - a potion of heal wounds {unknown}
 v - a potion of mutation {unknown}
 w - a potion of resistance {unknown}
 z - a potion of haste {unknown}
 C - a potion of lignification {unknown}
 D - a potion of magic {unknown}


   Skills:
 + Level 6.3 Fighting
 * Level 7.8 Long Blades
 + Level 6.3 Armour
 + Level 6.3 Shields


You had 7 spell levels left.
You didn't know any spells.
Your spell library contained the following spells:

 Spells                   Type           Power      Damage    Failure   Level
 Apportation              Tloc           0%         N/A       83%         1
 Necrotise                Necr           0%         1d4       83%         1
 Sting                    Conj/Alch      0%         1d3       83%         1
 Summon Small Mammal      Summ           0%         N/A       83%         1
 Lesser Beckoning         Tloc           0%         N/A       92%         2
 Teleport Other           Tloc           0%         N/A       99%         3
 Maxwell's Portable Pile  Tloc           0%         2d(5-10)  100%        4
 Olgreb's Toxic Radiance  Alch           0%         N/A       100%        4
 Ozocubu's Refrigeration  Ice            0%         4d7       100%        7
 Discord                  Hex            0%         N/A       100%        8


Dungeon Overview and Level Annotations

Branches:
Dungeon (6/15)             Temple (1/1) D:4

Altars:
Ashenzari
Cheibriados
Dithmenos
Elyvilon
Fedhas
Gozag
Hepliaklqana
Kikubaaqudgha
Makhleb
Nemelex Xobeh
Okawaru
Ru
Sif Muna
Uskayaw
Vehumet
Wu Jian
Xom
Yredelemnul
Zin
The Shining One

Annotations:
D:6 Jeremiah


Innate Abilities, Weirdness & Mutations

You have a pair of horns on your head.
You reflexively headbutt those who attack you in melee.


Message History

Something hits you. x2; You block the bullfrog's attack.
Jeremiah throws their arms up pleadingly.
Something smites you! You block the bullfrog's attack.
There are monsters nearby!
You hit the bullfrog.
The bullfrog is heavily wounded.
You block something's attack. The bullfrog barely misses you.
You hit the bullfrog.
The bullfrog is severely wounded.
Something hits you. Something hits you but does no damage.
The bullfrog hits you but does no damage. x2
Jeremiah hops!
Aiming: Mindburst
Press: ? - help, Shift-Dir - straight line, f - Jeremiah
Aim: Jeremiah, wielding a +2 trident of draining, wearing a +0 robe and wearing an orb of mayhem (chance to affect: 47%) Jeremiah's mind is blasted!
Something hits you. The bullfrog hits you. Something hits you!
Jeremiah asks, "Where am I?
Why are you fighting me?" Jeremiah closely misses you.
The bullfrog hits you but does no damage.
Aiming: Warp Space
Press: ? - help, Shift-Dir - straight line, f/p - Jeremiah
Aim: Jeremiah, wielding a +2 trident of draining, wearing a +0 robe and wearing an orb of mayhem (moderately wounded, chance to blink: 50%) Space twists violently!
The rupture engulfs Jeremiah!
Jeremiah hops!
Jeremiah is heavily wounded.
The rupture engulfs something!
The rupture engulfs the butterfly!
You kill the butterfly!
The butterfly disappears in a burst of colours!
The rupture engulfs you!
You blink.
* * * LOW HITPOINT WARNING * * *
The rupture engulfs the butterfly!
You kill the butterfly!
The butterfly disappears in a burst of colours!
Something hits you!
* * * LOW HITPOINT WARNING * * *
Jeremiah lets out a twisted cry.
Something smites you!
You die...
Jeremiah asks, "What happened?
Did... did you die?"
Your body disappears without a glow.

#.# #.# #### #.# #.#
#bb######.# #.# #bb#......#
#.# #bb#......# #.#
#.b#......###.#.#
##..#..........#.#
...###Fb##.....######.###
....bFb○...@#...........####
########.............(......
####.#.##########.... #.#.#
#.... #.#.###### #...#
#.#......# ##..## #.######.#
#..## #.# #.# #.## #.#
##.####.#


You could see Jeremiah and a bullfrog.

Vanquished Creatures
  A water moccasin (D:4)
  3 sky beasts
  3 centaurs
  A phantom (D:4)
  A scorpion (D:5)
  A howler monkey (D:5)
  2 hounds (D:4)
  4 iguanas
  Robin (D:3)
  4 gnolls
  5 adders
  2 ufetubi (D:6)
  2 dart slugs
  4 orcs
  4 ball pythons
  10 endoplasms
  6 giant cockroaches
  18 goblins
  13 hobgoblins
  6 jackals
  9 kobolds
  6 quokkas
  6 bats
  3 frilled lizards
  A rat (D:1)
116 creatures vanquished.

Notes
Turn   | Place    | Note
-------+----------+-------------------------------------------
     0 | D:1      | Griffin23 the Minotaur Fighter began the quest for the Orb.
     0 | D:1      | Reached XP level 1. HP: 19/19 MP: 0/0
    57 | D:1      | Reached XP level 2. HP: 27/27 MP: 1/1
   115 | D:1      | Reached skill level 3 in Long Blades
   592 | D:2      | Reached XP level 3. HP: 30/33 MP: 2/2
  1331 | D:3      | Noticed Robin
  1341 | D:3      | Reached XP level 4. HP: 23/40 MP: 3/3
  1510 | D:3      | Killed Robin
  1511 | D:3      | Reached skill level 4 in Long Blades
  1680 | D:3      | Found a blossoming altar of Fedhas.
  2232 | D:3      | Found a hide-covered altar of Uskayaw.
  2366 | D:4      | Reached XP level 5. HP: 39/47 MP: 4/4
  2404 | D:4      | Noticed a phantom
  2422 | D:4      | Killed a phantom
  2428 | D:4      | Reached skill level 5 in Long Blades
  2640 | D:3      | Upgraded the game from 0.32-a0-868-g153ae1a8d6 to
                  | 0.32-a0-871-ge202e49faa
  2691 | D:4      | Reached XP level 6. HP: 53/53 MP: 5/5
  2700 | D:4      | Reached skill level 5 in Armour
  2786 | D:4      | Found a staircase to the Ecumenical Temple.
  2803 | D:4      | Found a shimmering blue altar of Sif Muna.
  2878 | D:4      | Noticed a sky beast
  2886 | D:4      | Killed a sky beast
  2887 | D:4      | Reached skill level 5 in Fighting
  2887 | D:4      | Reached skill level 5 in Shields
  2912 | Temple   | Entered the Ecumenical Temple
  3281 | D:4      | Noticed a water moccasin
  3289 | D:4      | Killed a water moccasin
  3290 | D:4      | Reached skill level 6 in Long Blades
  3461 | D:4      | Reached XP level 7. HP: 60/61 MP: 6/6
  3731 | D:5      | Entered Level 5 of the Dungeon
  3743 | D:5      | Found a sparkling altar of Nemelex Xobeh.
  3874 | D:5      | Became a worshipper of Nemelex Xobeh the Trickster
  3980 | D:5      | HP: 3/62 [poisoned by a scorpion]
  3983 | D:5      | HP: 1/62 [poisoned by a scorpion]
  4236 | D:5      | Reached skill level 7 in Long Blades
  4454 | D:5      | Found an opulent altar of Gozag.
  4784 | D:6      | Reached XP level 8. HP: 70/70 MP: 7/7
  5039 | D:6      | Noticed Jeremiah
  5045 | D:6      | Killed from afar by Jeremiah

Illustrated notes

Levels and vault maps discovered:
D:1:      sevenhm_arrival_forest_fort_small_6, layout_basic, hex_large
D:2:      layout_loops_corners
D:3:      layout_basic, mainiacjoe_overflow_alcove_2, fedhas_ov_isle_minmay,
          uniq_robin
D:4:      layout_basic, amcnicky_altar_gilded, minmay_temple_entry_mini_moons
D:5:      layout_cave_pools, mainiacjoe_overflow_catwalk,
          mainiacjoe_overflow_surrounded_room, chequers_serial_rivers_micro_e,
          chequers_serial_rivers_micro_d, kb_lookout_dungeons_type
D:6:      layout_basic, uniq_jeremiah, uniq_crazy_yiuf_cottage, uniq_edmund
Temple:   minmay_freezing_vapour_temple

Skill      XL: |  1  2  3  4  5  6  7 |
---------------+----------------------+-----
Long Blades    | 3 4 5 6 7 |  7.8
Armour         | 4 5 6 |  6.3
Fighting       | 4 5 6 |  6.3
Shields        | 4 5 6 |  6.3

Action                     |  1- 3 |  4- 6 |  7- 9 || total
---------------------------+-------+-------+-------++-------
  Melee: Long sword        |    92 |   141 |    97 ||   330
         Headbutt          |    11 |    25 |    21 ||    57
  Throw: Boomerang         |       |       |    11 ||    11
  Evoke: Wand              |       |       |     2 ||     2
 Armour: Scale mail        |    79 |   123 |    93 ||   295
  Dodge: Dodged            |    39 |    66 |    47 ||   152
  Block: Buckler           |    24 |    35 |    26 ||    85

Table legend: (Time is in decaauts)
 A = Elapsed time spent in this place.
 B = Non-inter-level travel time spent in this place.
 C = Inter-level travel time spent in this place.
 D = Time resting spent in this place.
 E = Time spent auto-exploring this place.
 F = Levels seen in this place.
 G = Mean time per level.
                   A        B        C        D        E       F      G
               +--------+--------+--------+--------+--------+-----+--------+
         Total |   5118 |   4855 |    263 |    666 |   3218 |   7 |  731.1 |
       Dungeon |   4784 |   4521 |    263 |    436 |   3218 |   6 |  797.3 |
        Temple |    333 |    333 |      0 |    230 |      0 |   1 |  333.0 |
               +--------+--------+--------+--------+--------+-----+--------+

Top non-repeatable levels by time:
     D:3: 1079 daAuts
     D:2: 983 daAuts
     D:5: 949 daAuts
     D:4: 868 daAuts
     D:1: 529 daAuts
     D:6: 375 daAuts
  Temple: 333 daAuts
